 Dungeon Crawl Stone Soup version 0.28.0-43-g3370ac3207 (webtiles) character file.

Game seed: 1134672686380429006

2540 protoss039 the Thaumaturge (level 9, -1/67 HPs)
             Began as a Deep Elf Fire Elementalist on Mar 23, 2022.
             Was a Follower of Sif Muna.
             Slain by Jaiteiro's ghost (4 damage)
             ... on level 7 of the Dungeon.
             The game lasted 00:14:02 (8033 turns).

protoss039 the Thaumaturge (DEFE)                   Turns: 8033, Time: 00:14:03

Health: -1/67      AC: 24    Str:  5    XL:     9   Next: 30%
Magic:  14/26      EV:  2    Int: 31    God:    Sif Muna [*.....]
Gold:   382        SH:  0    Dex: 15    Spells: 17/30 levels left

rFire   . . .      SeeInvis .   o - +2 hand axe (freeze)
rCold   . . .      Faith    .   (no shield)
rNeg    . . .      Spirit   .   (armour currently unavailable)
rPois   +          Reflect  .   (helmet currently unavailable)
rElec   .          Harm     .   (cloak currently unavailable)
rCorr   .          Rampage  .   (gloves currently unavailable)
Will    .....      NoTele   +   (boots currently unavailable)
Stlth   ++........              g - amulet of regeneration
HPRegen 1.01/turn               m - +6 ring of intelligence
MPRegen 0.20/turn               (no ring)

@: lethally poisoned (-1 -> -4), tree-form
A: stationary, stasis, torment immunity, boosted hp
a: Renounce Religion, Channel Magic


You were on level 7 of the Dungeon.
You worshipped Sif Muna.
Sif Muna was aware of your devotion.
You were a tree.
You visited 1 branch of the dungeon, and saw 7 of its levels.

You collected 382 gold pieces.

Inventory:

Hand Weapons
 h - a +0 short sword of holy wrath
 o - a +2 hand axe of freezing (weapon)
Armour
 a - a +0 robe (melded)
 A - a +2 cloak (melded)
Jewellery
 g - an amulet of regeneration (around neck)
 m - a +6 ring of intelligence (left branch)
Wands
 x - a wand of paralysis (7)
Scrolls
 c - 2 scrolls of amnesia {unknown}
 f - 3 scrolls of teleportation
 j - a scroll of holy word {unknown}
 p - a scroll of magic mapping {unknown}
 r - a scroll of enchant weapon {unknown}
 v - 3 scrolls of identify {unknown}
 w - a scroll of blinking {unknown}
 y - a scroll of silence {unknown}
Potions
 b - 3 potions of curing {unknown}
 d - a potion of degeneration {unknown}
 e - 2 potions of cancellation
 i - a potion of invisibility {unknown}
 k - a potion of berserk rage {unknown}
 n - 3 potions of might {unknown}
 q - a potion of mutation {unknown}
 s - a potion of attraction {unknown}
 t - a potion of ambrosia {unknown}
 u - a potion of lignification
 z - a potion of haste {unknown}


   Skills:
 - Level 1.0 Short Blades
 - Level 3.0 Dodging
 - Level 3.0 Stealth
 + Level 11.1 Spellcasting
 + Level 6.2 Conjurations
 + Level 8.7 Fire Magic


You had 17 spell levels left.
You knew the following spells:

 Your Spells              Type           Power      Damage    Failure   Level
a - Foxfire               Conj/Fire      100%       2x1d9     1%          1
b - Scorch                Fire           100%       2d10      1%          2
c - Conjure Flame         Conj/Fire      59%        6-21      1%          3
d - Inner Flame           Hex/Fire       44%        N/A       1%          3
e - Flame Wave            Conj/Fire      59%        2d11      1%          4

Your spell library contained the following spells:

 Spells                   Type           Power      Damage    Failure   Level


Dungeon Overview and Level Annotations

Branches:
Dungeon (7/15)             Temple (0/1) D:6

Altars:
Dithmenos
Nemelex Xobeh
Okawaru
Sif Muna

Shops:
D:3 (

Annotations:
D:3 2 transporters
D:7 Jaiteiro's ghost, novice VSBe


Message History

Unknown command.
Unknown command.
Casting: Conjure Flame (safe; 1% risk of failure)
Confirm with . or Enter, or press ? or * to list all spells.
Aiming: Inner Flame (safe; 1% risk of failure)
Press: ? - help, Dir - move target, f - Jaiteiro's ghost
Aim: Jaiteiro's ghost, wielding a weapon of venom (chance to affect: 67%)
Okay, then.
Casting: Inner Flame (safe; 1% risk of failure)
Confirm with . or Enter, or press ? or * to list all spells.
Casting: Flame Wave (dangerous; 1% risk of failure)
Press: ? - help, Dir - look around, f - activate A wave of flame ripples out!
The flame wave engulfs the kobold brigand!
The kobold brigand is heavily wounded.
The flame wave engulfs Jaiteiro's ghost!
Jaiteiro's ghost is moderately damaged. (Press . to intensify the flame waves.)
* * * LOW HITPOINT WARNING * * *
You feel very sick.
Jaiteiro's ghost hits you but does no damage.
Unknown command.
Unknown command.
Unknown command.
Casting: Flame Wave (dangerous; 1% risk of failure)
Confirm with . or Enter, or press ? or * to list all spells.
Restarting spell: Flame Wave (dangerous; 1% risk of failure)
Press: ? - help, Dir - look around, f - activate A wave of flame ripples out!
The flame wave engulfs the kobold brigand!
You kill the kobold brigand!
Sif Muna accepts your kill.
The flame wave engulfs Jaiteiro's ghost.
Jaiteiro's ghost is moderately damaged. (Press . to intensify the flame waves.)
* * * LOW HITPOINT WARNING * * *
You feel very sick.
The kobold demonologist casts a spell.
Jaiteiro's ghost hits you.
You die...

#.......# #.##.##........#
#.(.....# #.##.##..).....#
#.......# #.##.##........#
#.......# #.######.......#
###'#######.##).(##......##
#........##.....##.......
#........#..#.#K.#.......
##.......#8.#.#.8#.....<.
#...[.)♣#..#.#..#.......
#.....KW##KK...##.......
#.......K##KKK##........
#.....5..K.KK...........
#.[.....####K####....[..
######### #........[...
#############


You could see a kobold demonologist, 2 kobold brigands, Jaiteiro's ghost and an
ufetubus (summoned).

Vanquished Creatures
  A hornet (D:7)
  A wyvern (D:7)
  Eustachio (D:5)
  3 black bears
  2 ice beasts (D:6)
  An ogre (D:6)
  A centaur (D:5)
  2 kobold brigands
  A phantom (D:4)
  A bullfrog (D:7)
  4 scorpions
  2 water moccasin zombies (D:6)
  A water moccasin skeleton (D:3)
  5 centaur zombies
  2 hounds
  3 bullfrog zombies
  A centaur skeleton (D:6)
  A gnoll shaman (D:7)
  An orc priest (D:5)
  A jelly (D:7)
  3 bullfrog skeletons
  An orc wizard (D:5)
  A killer bee zombie (D:6)
  A howler monkey zombie (D:6)
  8 adders
  8 gnolls
  An adder skeleton (D:4)
  3 dart slugs
  19 orcs
  5 bats
  4 endoplasms
  3 giant cockroaches
  6 goblins
  5 hobgoblins
  2 jackals (D:1)
  10 kobolds
  A quokka (D:4)
  4 ball pythons
  5 frilled lizards
  9 rats
134 creatures vanquished.

Vanquished Creatures (collateral kills)
  2 foxfires (D:6)
2 creatures vanquished.

Vanquished Creatures (others)
  524 foxfires
  2 fungi (D:7)
  2 plants (D:7)
  2 withered plants (D:6)
530 creatures vanquished.

Grand Total: 666 creatures vanquished

Notes
Turn   | Place    | Note
-------+----------+-------------------------------------------
     0 | D:1      | protoss039 the Deep Elf Fire Elementalist began the quest
                  | for the Orb.
     0 | D:1      | Reached XP level 1. HP: 10/10 MP: 6/6
   207 | D:1      | Reached XP level 2. HP: 13/15 MP: 0/8
  1308 | D:2      | Learned a level 2 spell: Scorch
  1327 | D:2      | Reached XP level 3. HP: 19/19 MP: 5/10
  1429 | D:2      | Found an iron altar of Okawaru.
  1669 | D:2      | Reached skill level 4 in Spellcasting
  1673 | D:2      | Learned a level 3 spell: Conjure Flame
  1865 | D:2      | Identified the +10 hand axe of Fury {vorpal, *Rage rElec
                  | Str+3}
  1973 | D:2      | Reached XP level 4. HP: 23/24 MP: 4/12
  2164 | D:3      | Found a transporter.
  2444 | D:3      | Reached XP level 5. HP: 28/28 MP: 11/13
  2633 | D:3      | Found a transporter.
  2849 | D:3      | Found Jaid's Antique Weapon Shoppe.
  2924 | D:3      | Learned a level 3 spell: Inner Flame
  2929 | D:3      | Learned a level 4 spell: Flame Wave
  3162 | D:4      | Reached skill level 1 in Short Blades
  3162 | D:4      | Reached skill level 5 in Spellcasting
  3199 | D:4      | Noticed a black bear
  3206 | D:4      | Killed a black bear
  3207 | D:4      | Reached XP level 6. HP: 32/32 MP: 4/16
  3375 | D:4      | Reached skill level 5 in Fire Magic
  3383 | D:4      | Reached skill level 6 in Spellcasting
  3603 | D:4      | Found a shadowy altar of Dithmenos.
  3605 | D:4      | Found an iron altar of Okawaru.
  3680 | D:4      | Found a sparkling altar of Nemelex Xobeh.
  4030 | D:5      | Entered Level 5 of the Dungeon
  4305 | D:5      | Reached XP level 7. HP: 25/36 MP: 13/19
  4438 | D:5      | Reached skill level 7 in Spellcasting
  5117 | D:5      | Noticed Eustachio
  5131 | D:5      | Killed Eustachio
  5382 | D:6      | Reached skill level 8 in Spellcasting
  5468 | D:4      | Found a shimmering blue altar of Sif Muna.
  5476 | D:4      | Became a worshipper of Sif Muna the Loreminder
  5518 | D:6      | Reached XP level 8. HP: 41/41 MP: 15/22
  5541 | D:6      | Reached skill level 5 in Conjurations
  5885 | D:6      | Found a staircase to the Ecumenical Temple.
  5901 | D:6      | Reached skill level 9 in Spellcasting
  6037 | D:6      | Reached * piety under Sif Muna
  6513 | D:6      | Reached skill level 10 in Spellcasting
  6862 | D:7      | Reached XP level 9. HP: 45/45 MP: 19/25
  7838 | D:7      | Found a runed translucent gate.
  7850 | D:7      | Found a runed translucent gate.
  7850 | D:7      | Noticed Jaiteiro's ghost (novice VSBe)
  7856 | D:7      | Found a runed translucent gate.
  7856 | D:7      | Noticed a kobold demonologist
  7930 | D:7      | Reached skill level 11 in Spellcasting
  8033 | D:7      | HP: 3/67 [poisoned by Jaiteiro's ghost]
  8033 | D:7      | Slain by Jaiteiro's ghost

Illustrated notes

Levels and vault maps discovered:
D:1:      dpeg_arrival_stonehenge_8_columns, layout_basic,
          grunt_decor_resistance, corner_web_ring, hex_tiny
D:2:      layout_basic, basic_altar, minmay_stone_trees_medium
D:3:      gammafunk_steamed_eel, layout_loops_cross, serial_shops,
          nicolae_shop_statue_plus
D:4:      layout_layer_cave, nicolae_overflow_hidden_temple
D:5:      layout_gridville, nicolae_figureground_pulse, uniq_eustachio
D:6:      layout_loops_ring, minmay_temple_entry_slanted, serial_undead,
          serial_undead_f, serial_undead_b, serial_undead_a, serial_undead_e,
          serial_undead_f
D:7:      layout_basic, gammafunk_ghost_nasty_kobolds

Skill      XL: |  1  2  3  4  5  6  7  8  9 |
---------------+----------------------------+-----
Dodging        | 3 |  3.0
Stealth        | 3 |  3.0
Spellcasting   | 4 5 6 8 10 11 | 11.1
Conjurations   | 2 3 4 6 |  6.2
Fire Magic     | 4 5 6 8 |  8.7
Short Blades   | 1 |  1.0

Action                   |  1- 3 |  4- 6 |  7- 9 || total
-------------------------+-------+-------+-------++-------
Melee: Unarmed           |    21 |       |       ||    21
       Short sword       |    20 |    30 |       ||    50
       Hand axe          |       |       |    17 ||    17
 Cast: Foxfire           |    75 |    96 |   133 ||   304
       Scorch            |     2 |     5 |    34 ||    41
       Conjure Flame     |       |       |    13 ||    13
       Inner Flame       |       |       |     5 ||     5
       Flame Wave        |       |       |     8 ||     8
  Use: Scroll            |       |       |     2 ||     2
       Potion            |       |       |     2 ||     2
 Stab: Sleeping          |     3 |     5 |     1 ||     9
Armor: Robe              |    13 |     7 |     8 ||    28
       Skin              |       |       |     3 ||     3
Dodge: Dodged            |    46 |    20 |    38 ||   104
